 Dungeon Crawl Stone Soup version 0.27.1-33-g824d729ab1 (webtiles) character file.

Game seed: 18175979240095994907

1125 unlimited1921 the Firebug (level 8, -10/61 HPs)
             Began as a Hill Orc Fire Elementalist on Dec 22, 2021.
             Splashed by Ijyb's acid (11 damage)
             ... on level 5 of the Dungeon on Dec 26, 2021.
             The game lasted 00:39:32 (8812 turns).

unlimited1921 the Firebug (HOFE)                    Turns: 8812, Time: 00:39:33

Health: -10/61     AC:  5    Str: 11    XL:     8   Next: 35%
Magic:  17/22      EV: 11    Int: 17    God:
Gold:   133        SH:  0    Dex: 11    Spells: 10/14 levels left

rFire    . . .     SeeInvis .   a - +1 mace (venom)
rCold    . . .     Faith    .   (no shield)
rNeg     + . .     Spirit   .   f - +0 leather armour
rPois    .         Reflect  .   s - +0 helmet
rElec    .         Harm     .   (no cloak)
rCorr    .         Rampage  .   (no gloves)
Will     .....                  w - +0 pair of boots
Stlth    ++........             (no amulet)
HPRegen  0.20/turn              i - ring of positive energy
MPRegen  0.18/turn              y - ring of magical power

@: no status effects
A: no striking features
a: no special abilities


You were on level 5 of the Dungeon.
You visited 1 branch of the dungeon, and saw 5 of its levels.

You collected 193 gold pieces.
You spent 60 gold pieces at shops.

Inventory:

Hand Weapons
 a - a +1 mace of venom (weapon)
 j - a +2 dagger of draining
 m - a +0 flail
 p - a +0 hunting sling
 v - a +0 short sword
 x - a +0 whip of venom
 z - a +0 trident
 C - a +0 shortbow
Missiles
 e - 175 stones
 k - a throwing net
 r - 64 bolts
 t - 24 poisoned darts (quivered)
 A - 4 boomerangs
 D - 15 arrows
Armour
 f - a +0 leather armour (worn)
 h - a +0 chain mail
 s - a +0 helmet (worn)
 u - a +2 kite shield
 w - a +0 pair of boots (worn)
Jewellery
 i - a ring of positive energy (left hand)
 y - a ring of magical power (right hand)
Wands
 q - a wand of flame (21)
Scrolls
 c - a scroll of identify
 d - a scroll of immolation
 g - a scroll of fear
 l - a scroll of teleportation
 o - 2 scrolls of blinking
Potions
 b - a potion of curing
 n - 2 potions of attraction
 B - a potion of haste


   Skills:
 * Level 1.9 Fighting
 + Level 0.5 Maces & Flails
 * Level 2.6 Throwing
 + Level 2.5 Armour
 + Level 1.8 Dodging
 + Level 2.7 Stealth
 + Level 3.9 Spellcasting
 + Level 3.9 Conjurations
 * Level 1.7 Hexes
 + Level 5.7 Fire Magic


You had 10 spell levels left.
You knew the following spells:

 Your Spells              Type           Power      Damage    Failure   Level
a - Foxfire               Conj/Fire      76%        2x1d7     2%          1
b - Inner Flame           Hex/Fire       16%        N/A       13%         3

Your spell library contained the following spells:

 Spells                   Type           Power      Damage    Failure   Level
 Conjure Flame            Conj/Fire      19%        6-21      9%          3
 Shock                    Conj/Air       40%        1d5       10%         1
 Sticky Flame             Conj/Fire      19%        2d4       28%         4
 Swiftness                Air            3%         N/A       54%         3
 Fulminant Prism          Conj/Hex       6%         3d7       54%         4
 Fireball                 Conj/Fire      9%         3d6       61%         5
 Iskenderun's Mystic Bla  Conj/Tloc      10%        2d4       67%         4
 Airstrike                Air            1%         N/A       91%         4
 Lee's Rapid Deconstruct  Erth           1%         3d5*      99%         5


Dungeon Overview and Level Annotations

Branches:
Dungeon (5/15)
 Temple: D:4-7

Altars:
Ashenzari
Kikubaaqudgha
Uskayaw
The Shining One

Shops:
D:4 *?

Annotations:
D:5 Ijyb


Message History

Ijyb is heavily wounded.
The foxfire hits Ijyb but does no damage.
Ijyb is heavily wounded.
Casting: Foxfire (safe; 2% risk of failure)
Confirm with . or Enter, or press ? or * to list all spells.
You conjure some foxfire!
Ijyb looks more healthy.
The foxfire hits Ijyb but does no damage.
Ijyb is heavily wounded.
The foxfire hits Ijyb.
Ijyb resists.
Ijyb is heavily wounded.
Casting: Foxfire (safe; 2% risk of failure)
Confirm with . or Enter, or press ? or * to list all spells.
You conjure some foxfire!
The foxfire hits Ijyb but does no damage.
Ijyb is heavily wounded.
The foxfire hits Ijyb but does no damage.
Ijyb is heavily wounded.
Casting: Foxfire (safe; 2% risk of failure)
Confirm with . or Enter, or press ? or * to list all spells.
You conjure some foxfire!
The foxfire hits Ijyb.
Ijyb resists.
Ijyb is heavily wounded.
Your foxfire dissipates!
Casting: Foxfire (safe; 2% risk of failure)
Confirm with . or Enter, or press ? or * to list all spells.
You conjure some foxfire!
The foxfire hits Ijyb.
Ijyb resists.
Ijyb is heavily wounded.
You barely miss Ijyb.
Ijyb is heavily wounded.
You barely miss Ijyb.
Ijyb is heavily wounded.
Ijyb zaps a wand.
The bolt of acid hits you!!
You are splashed with acid!
The bolt of acid hits your foxfire!!
Your foxfire is splashed with acid!
Ijyb zaps a wand.
The bolt of acid misses you.
Casting: Foxfire (safe; 2% risk of failure)
Confirm with . or Enter, or press ? or * to list all spells.
You conjure some foxfire!
Ijyb zaps a wand.
The bolt of acid hits you!!
* * * LOW HITPOINT WARNING * * *
You are splashed with acid!
You die...

.....# #.#.#.##.#.##.##.#
.....# #...#....#.##.##.#
.....# #####.####.##.##.#
.....# ### #.##.##.# .....#
#.##.##.# .....≈≈ P≈≈≈
#.##.##.# .♣♣♣≈P≈≈≈≈≈≈♣#
#.##.##.#
♣≈≈≈≈≈≈≈≈≈≈P≈######.##.##.#
≈≈P≈≈≈≈≈≈≈≈≈≈♣.v@g..##....# #
≈≈≈P≈≈≈≈≈≈≈≈≈P♣####.>..####....
≈≈≈≈≈≈≈≈≈≈.≈≈.♣..............(.
♣♣≈≈...≈..≈.......#.##.######.(
..................#.##.#
.........≈.≈.≈≈P♣##.##.#
#...≈≈.≈≈≈≈≈≈≈♣≈≈##.##.#
###♣≈≈≈≈≈≈≈≈≈♣≈####.##..
####♣≈≈≈≈♣≈≈♣≈## #.####


You could see Ijyb (resistant, ally target).

Vanquished Creatures
  Grinder (D:3)
  A water moccasin (D:5)
  A sky beast (D:5)
  Purgy (D:3)
  A centaur (D:5)
  A necrophage (D:4)
  2 jellies
  An orc priest (D:4)
  A hound (D:4)
  An iguana (D:5)
  2 orc wizards
  Robin (D:3)
  11 adders
  8 gnolls
  A shadow imp (D:4)
  11 orcs
  5 bats
  3 endoplasms
  4 giant cockroaches
  8 goblins
  6 hobgoblins
  2 quokkas
  8 ball pythons
  4 frilled lizards
  8 kobolds
  5 rats
98 creatures vanquished.

Vanquished Creatures (others)
  392 foxfires
392 creatures vanquished.

Grand Total: 490 creatures vanquished

Notes
Turn   | Place    | Note
-------+----------+-------------------------------------------
     0 | D:1      | unlimited1921 the Hill Orc Fire Elementalist began the
                  | quest for the Orb.
     0 | D:1      | Reached XP level 1. HP: 14/14 MP: 3/3
   465 | D:1      | Reached XP level 2. HP: 20/20 MP: 0/4
  2286 | D:2      | Reached skill level 4 in Fire Magic
  2593 | D:2      | Reached XP level 3. HP: 26/26 MP: 0/5
  3199 | D:2      | Reached XP level 4. HP: 26/33 MP: 1/7
  3455 | D:2      | Found an ancient bone altar of Kikubaaqudgha.
  3484 | D:2      | Found a faded altar of an unknown god.
  3665 | D:3      | Reached XP level 5. HP: 27/38 MP: 4/9
  4088 | D:3      | Noticed Purgy
  4100 | D:3      | Killed Purgy
  4101 | D:3      | Reached skill level 1 in Armour
  4289 | D:3      | Noticed Grinder
  4301 | D:3      | Paralysed by Grinder for 5 turns
  4308 | D:3      | Paralysed by Grinder for 7 turns
  4316 | D:3      | Paralysed by Grinder for 3 turns
  4322 | D:3      | Killed Grinder
  4323 | D:3      | Reached skill level 5 in Fire Magic
  4323 | D:3      | Reached XP level 6. HP: 23/46 MP: 0/11
  5053 | D:3      | Reached XP level 7. HP: 51/51 MP: 10/12
  5206 | D:3      | Noticed Robin
  5212 | D:3      | Killed Robin
  5481 | D:3      | Found a hide-covered altar of Uskayaw.
  5674 | D:4      | Found Reguch's Magic Scroll Shop.
  5677 | D:4      | Found Xiguf's Elemental Accessories.
  5702 | D:4      | Reached skill level 1 in Throwing
  5994 | D:4      | Bought a scroll of identify for 20 gold pieces
  6681 | D:4      | Learned a level 3 spell: Inner Flame
  6962 | D:4      | Found a glowing golden altar of the Shining One.
  6962 | D:4      | Found a broken altar of Ashenzari.
  7179 | D:4      | Bought a scroll of identify for 20 gold pieces
  7179 | D:4      | Bought a scroll of identify for 20 gold pieces
  7198 | D:5      | Entered Level 5 of the Dungeon
  7331 | D:5      | Reached skill level 1 in Hexes
  7733 | D:5      | Reached skill level 1 in Fighting
  7733 | D:5      | Reached XP level 8. HP: 59/59 MP: 13/13
  8793 | D:5      | Noticed Ijyb
  8812 | D:5      | HP: 1/61 [Ijyb/bolt of acid (19)]
  8812 | D:5      | Splashed by Ijyb's acid

Illustrated notes

Levels and vault maps discovered:
D:1:      amcnicky_arrival_choice, layout_loops_ring, st_stairs_1
D:2:      layout_loops_ring, chequers_ecumenical_altar_twisty, basic_altar
D:3:      layout_loops_corners, nicolae_uskayaw_suspiria,
          amcnicky_mini_pool_small, uniq_robin, uniq_grinder, uniq_purgy
D:4:      layout_basic, gammafunk_temple_overflow_elements, minivault_11,
          hangedman_decor_lopped, nicolae_elemental_shop, nicolae_stop_n_shop_1
D:5:      layout_basic, serial_bayou_ford_a, uniq_ijyb

Skill      XL: |  1  2  3  4  5  6  7  8 |
---------------+-------------------------+-----
Fire Magic     | 4 5 |  5.7
Spellcasting   | 2 3 |  3.9
Stealth        | 2 |  2.7
Armour         | 2 |  2.5
Conjurations   | 2 3 |  3.9
Throwing       | 1 2 |  2.6
Hexes          | 1 |  1.7
Fighting       | 1 |  1.9
Maces & Flails | |  0.5
Dodging        | |  1.8

Action                   |  1- 3 |  4- 6 |  7- 9 || total
-------------------------+-------+-------+-------++-------
Melee: Dagger            |     4 |       |       ||     4
       Mace              |     1 |     5 |    16 ||    22
Throw: Dart              |       |       |    29 ||    29
 Cast: Foxfire           |    62 |    52 |   125 ||   239
  Use: Scroll            |     2 |       |     6 ||     8
       Potion            |       |       |     1 ||     1
Armor: Leather armour    |     1 |     3 |     5 ||     9
Dodge: Dodged            |     9 |    14 |    23 ||    46
